 Dungeon Crawl Stone Soup version 0.29-a0-350-g7790a0e70a (webtiles) character file.

Game seed: 8771322878220679472

5660 zeratav the Grappler (level 10, -1/88 HPs)
             Began as a Naga Fighter on Apr 22, 2022.
             Was a Believer of Cheibriados.
             Slain by Erica
             ... wielding a +2 scimitar of flaming
              (2 damage)
             ... on level 8 of the Dungeon.
             The game lasted 00:20:56 (11150 turns).

zeratav the Grappler (Naga Fighter)                Turns: 11150, Time: 00:20:57

Health: -1/88      AC: 13    Str: 34    XL:     10   Next: 75%
Magic:  10/10      EV:  8    Int: 16    God:    Cheibriados [**....]
Gold:   420        SH: 10    Dex: 23    Spells: 9/9 levels left

rFire   . . .      SeeInvis +     - Unarmed
rCold   . . .      Faith    .   w - +0 kite shield
rNeg    . . .      Spirit   .   H - +0 plate armour
rPois   +          Reflect  .   (no helmet)
rElec   .          Harm     .   q - +0 cloak
rCorr   .          Rampage  .   (no gloves)
Will    +....                   (no barding)
Stlth   ..........              (no amulet)
HPRegen 0.24/turn               M - ring "Yruoluwn" {EV+4 Dex+7}
MPRegen 0.12/turn               e - +6 ring of strength

@: mighty, lethally poisoned (-1 -> -5), very slow
A: AC +3, large, see invisible, deformed body, poison resistance, slowness 2,
spit poison 1, naga tail 1
a: Spit Poison, Renounce Religion, Bend Time


You were on level 8 of the Dungeon.
You worshipped Cheibriados.
Cheibriados was pleased with you.
You visited 2 branches of the dungeon, and saw 9 of its levels.

You collected 420 gold pieces.


Innate Abilities, Weirdness & Mutations

Your serpentine skin is tough. (AC +3)
You have supernaturally acute eyesight. (SInv)
Armour fits poorly on your strangely shaped body.
Your system is resistant to poisons. (rPois)
You cover ground very slowly.
You can spit poison.
You have a snake-like lower body.


   Skills:
 - Level 5.0 Fighting
 - Level 7.7 Armour
 - Level 2.4 Shields
 + Level 12.6 Unarmed Combat


You had 9 spell levels left.
You didn't know any spells.
Your spell library contained the following spells:

 Spells                   Type           Power      Damage    Failure   Level
 Apportation              Tloc           0%         N/A       99%         1
 Magic Dart               Conj           0%         1d3       99%         1
 Summon Small Mammal      Summ           0%         N/A       99%         1
 Call Imp                 Summ           0%         N/A       99%         2
 Call Canine Familiar     Summ           0%         N/A       100%        3
 Dazzling Flash           Conj/Hex       0%         N/A       100%        3
 Mephitic Cloud           Conj/Pois/Air  0%         N/A       100%        3
 Summon Guardian Golem    Hex/Summ       0%         N/A       100%        3
 Agony                    Necr           0%         N/A       100%        5
 Alistair's Intoxication  Tmut/Pois      0%         N/A       100%        5
 Silence                  Hex/Air        0%         N/A       100%        5

Inventory:

Hand Weapons
 v - a +0 quick blade {shortrare=g}
   (You found it on level 5 of the Dungeon)
 B - a +2 flail of draining {mace}
   (You took it off an orc on level 3 of the Dungeon)
Armour
 q - a +0 cloak (worn)
   (You found it on level 3 of the Dungeon)
 w - a +0 kite shield (worn)
   (You found it on level 4 of the Dungeon)
 H - a +0 plate armour (worn)
   (You found it on level 6 of the Dungeon)
Jewellery
 d - a ring of positive energy
   (You found it on level 4 of the Dungeon)
 e - a +6 ring of strength (right hand)
   (You found it on level 4 of the Dungeon)
 M - the ring "Yruoluwn" (left hand) {EV+4 Dex+7}
   (You took it off an orc on level 7 of the Dungeon)

   [ring of evasion]

   EV:        It affects your evasion (+4).
   Dex:       It affects your dexterity (+7).
Wands
 n - a wand of flame (27)
   (You found it on level 2 of the Dungeon)
 u - a wand of polymorph (13)
   (You took it off an orc on level 7 of the Dungeon)
 G - a wand of paralysis (10)
   (You found it on level 6 of the Dungeon)
 L - a wand of acid (9)
   (You found it on level 7 of the Dungeon)
Scrolls
 f - a scroll of blinking {unknown}
 g - 3 scrolls of teleportation {@r4}
 h - a scroll of fear {unknown}
 m - 4 scrolls of magic mapping {!r}
 x - a scroll of enchant weapon
 y - 2 scrolls of amnesia
 C - a scroll of silence {unknown}
 F - 4 scrolls of identify {@r1}
 J - a scroll of brand weapon {unknown}
Potions
 a - a potion of ambrosia {unknown}
 i - a potion of curing {unknown}
 l - 2 potions of mutation {!q}
 p - a potion of resistance
 r - 2 potions of attraction {unknown}
 t - a potion of lignification {unknown}
 z - 3 potions of magic {unknown}
 A - 2 potions of invisibility {unknown}
 E - a potion of brilliance {unknown}

Dungeon Overview and Level Annotations

Branches:
Dungeon (8/15)             Temple (1/1) D:4
   Lair: D:8-11

Altars:
Ashenzari
Cheibriados
Dithmenos
Elyvilon
Fedhas
Gozag
Hepliaklqana
Kikubaaqudgha
Makhleb
Okawaru
Qazlal
Ru
Sif Muna
Trog
Uskayaw
Vehumet
Wu Jian
Xom
Yredelemnul
Zin
The Shining One

Shops:
D:6 =

Annotations:
D:8 Erica

#..............#
##'##..^.......#
##...##.....[...#
#.###.#........##
#.#|#.#.....####
#.#'#.#...###
##.).##.###
######..#######.
## ##@@.......
##.###.####.....
##..#).## ...
##....)## .
##.....##
#.....)#
#.......#
........#
.........


You could see Erica (invisible).


Message History

You feel drained.
HP[-18]
You now have 85 max hp (-3).
You take 18 damage, and now have 70/85 hp.
MASSIVE DAMAGE!! (PAUSE)
You barely miss the wight. You pummel the wight!!
You destroy the wight!
Cheibriados appreciates the change of pace.
You block the wight's attack.
You now have 86 max hp (+1).
You punch the wight!
The wight hits you but does no damage. x2
HP[+1]
You punch the wight!
You destroy the wight!
Cheibriados thoroughly appreciates the change of pace.
You block the wight's attack.
You punch the wight! You block the wight's attack.
You hit the wight. The wight hits you with a +0 halberd!
HP[-9]
You take 9 damage, and now have 62/86 hp.
You hit the wight. The wight closely misses you.
You pummel the wight!!
You destroy the wight!
Cheibriados thoroughly appreciates the change of pace.
HP[+1]
A wight comes into view. It is wielding a +0 long sword.
Things that are here:
a +0 halberd {polearm}; a +0 robe A wight comes into view.
It is wielding a +0 flail.
Items here: )) ? [[.
HP[+1]
The wight hits you but does no damage.
You pummel the wight!!
You destroy the wight!
Cheibriados appreciates the change of pace.
You now have 87 max hp (+1).
You closely miss the wight. You block the wight's attack.
HP[+1]
You punch the wight! You block the wight's attack.
You pummel the wight!!
You destroy the wight!
Cheibriados appreciates the change of pace.
Cheibriados raises the support of your attributes as your movement slows.
Your life force feels restored.
You now have 88 max hp (+1).
Erica the Fiery-Tempered comes into view.
She is wielding a +2 scimitar of flaming and wearing a +2 robe of resistance.
Erica shouts!
Erica gestures wildly while chanting.
Erica flickers and vanishes for a moment.
Items here: )) ? [[.
HP[+1]
Items here: )) ? [[.
HP[+1]
You hear the steady creaking of a distant portcullis.
HP[+1] Erica casts a spell at you.
You are confused.
Okay, then.
You're too confused to move!
Erica gestures at you while chanting. The bolt of poison hits you!
You are poisoned.
You resist.
HP[-7]
You take 7 damage, and now have 61/88 hp.
You feel very sick.
Erica hits you with a +2 scimitar of flaming!
Erica burns you.
* * * LOW HITPOINT WARNING * * *
HP[-21]
You take 21 damage, and now have 40/88 hp.
MASSIVE DAMAGE!! (PAUSE)
You bump into the rock wall.
You feel sick.
Erica hits you with a +2 scimitar of flaming.
* * * LOW HITPOINT WARNING * * *
Erica burns you.
* * * LOW HITPOINT WARNING * * *
HP[-8]
You take 8 damage, and now have 32/88 hp.
You punch Erica!
You feel sick.
Erica hits you with a +2 scimitar of flaming.
* * * LOW HITPOINT WARNING * * *
Erica burns you.
* * * LOW HITPOINT WARNING * * *
HP[-8]
You take 8 damage, and now have 24/88 hp.
You bump into the rock wall.
You feel sick.
Erica hits you with a +2 scimitar of flaming!
* * * LOW HITPOINT WARNING * * *
Erica burns you.
* * * LOW HITPOINT WARNING * * *
HP[-14]
You take 14 damage, and now have 10/88 hp.
You feel very mighty all of a sudden.
You feel less confused.
You feel sick.
Erica hits you with a +2 scimitar of flaming!
* * * LOW HITPOINT WARNING * * *
Erica burns you.
You die...

Skill      XL: |  1  2  3  4  5  6  7  8  9 10 |
---------------+-------------------------------+-----
Unarmed Combat | 3 4 5 6 7 8 10 12 | 12.6
Fighting       | 5 |  5.0
Armour         | 3 7 |  7.7
Shields        | |  2.4

Action                   |  1- 3 |  4- 6 |  7- 9 | 10-12 || total
-------------------------+-------+-------+-------+-------++-------
Melee: Dagger            |   113 |    51 |       |       ||   164
       Unarmed           |     6 |    87 |   231 |   122 ||   446
Invok: Bend Time         |       |       |       |     3 ||     3
 Abil: Spit Poison       |       |     3 |     3 |     5 ||    11
Evoke: Wand              |       |       |       |     2 ||     2
  Use: Scroll            |       |     8 |     2 |       ||    10
       Potion            |       |     2 |     5 |     2 ||     9
Armor: Scale mail        |    35 |    50 |    86 |       ||   171
       Plate armour      |       |       |    22 |    55 ||    77
Dodge: Dodged            |    37 |    46 |    70 |    26 ||   179
Block: Buckler           |    16 |    20 |       |       ||    36
       Kite shield       |       |    17 |   116 |    44 ||   177

Levels and vault maps discovered:
D:1:      onia_arrival_mini_spirals, layout_loops_corners, minmay_heptomino_d4
D:2:      layout_basic, ebering_ecumenical_altar_hall, basic_altar
D:3:      layout_loops_cross, minivault_11
D:4:      layout_rooms, minmay_temple_entry_glassed_door
D:5:      layout_cave_pools, uniq_grinder
D:6:      layout_loops_corners, serial_shops, nicolae_shop_waterfront,
          amcnicky_mini_rare_corridor_liquid
D:7:      layout_gridville, minmay_joined_circles
D:8:      layout_cave_pods, enter_bailey_2, hangedman_abyss_or_decor_stagger,
          kennysheep_just_a_vault, uniq_erica, uniq_amaemon
Temple:   mainiacjoe_temple_hex_bubbles

Notes
Turn   | Place    | Note
-------+----------+-------------------------------------------
     0 | D:1      | zeratav the Naga Fighter began the quest for the Orb.
     0 | D:1      | Reached XP level 1. HP: 21/21 MP: 1/1
     0 | D:1      | magus.rc [v1.9.6]
    40 | D:1      | You pick up a book of Minor Magic and begin reading...
    40 | D:1      | You add the spells Magic Dart, Call Imp and Mephitic Cloud
                  | to your library.
   408 | D:1      | Reached XP level 2. HP: 28/28 MP: 2/2
   640 | D:1      | Reached skill level 3 in Unarmed Combat
  1022 | D:1      | Reached XP level 3. HP: 34/34 MP: 3/3
  1290 | D:2      | Found a hazy altar of Hepliaklqana.
  1919 | D:2      | Found a faded altar of an unknown god.
  2011 | D:3      | Reached skill level 4 in Unarmed Combat
  2168 | D:3      | Identified the +0 robe of the Silversmith {Int+4}
  2340 | D:3      | Reached XP level 4. HP: 41/42 MP: 4/4
  2703 | D:4      | HP: 5/42 [iguana (13)]
  2706 | D:4      | Noticed a bullfrog
  2979 | D:4      | Noticed a scorpion
  3050 | D:4      | Killed a scorpion
  3051 | D:4      | Reached skill level 5 in Unarmed Combat
  3051 | D:4      | Reached XP level 5. HP: 26/49 MP: 5/5
  3103 | D:4      | Reached skill level 6 in Unarmed Combat
  3103 | D:4      | Reached XP level 6. HP: 15/56 MP: 6/6
  3108 | D:4      | HP: 5/56 [orc priest/divine providence (11)]
  3863 | D:4      | HP: 7/56 [orc priest/divine providence (15)]
  4147 | D:4      | Found a staircase to the Ecumenical Temple.
  4191 | Temple   | Entered the Ecumenical Temple
  4398 | Temple   | Became a worshipper of Cheibriados the Contemplative
  4567 | D:4      | Reached skill level 7 in Unarmed Combat
  4852 | D:5      | Entered Level 5 of the Dungeon
  4855 | D:5      | Noticed a black bear
  4864 | D:5      | Killed a black bear
  4865 | D:5      | Reached XP level 7. HP: 52/62 MP: 7/7
  5011 | D:5      | Noticed Grinder
  5021 | D:5      | Paralysed by Grinder for 5 turns
  5042 | D:4      | Paralysed by Grinder for 2 turns
  5052 | D:4      | Killed Grinder
  5053 | D:4      | Reached skill level 8 in Unarmed Combat
  5053 | D:4      | Reached skill level 4 in Fighting
  5190 | D:5      | HP: 12/66 [killer bee (6)]
  5473 | D:5      | v - a +0 quick blade {shortrare=g}
  5499 | D:5      | Reached skill level 5 in Fighting
  5499 | D:5      | Reached XP level 8. HP: 73/74 MP: 8/8
  5505 | D:5      | Reached * piety under Cheibriados
  5517 | D:5      | HP: 18/74 [poisoned by a killer bee]
  5855 | D:5      | HP: 18/74 [gnoll/+0 halberd (8)]
  5858 | D:5      | HP: 5/74 [gnoll/+0 whip (5)]
  6478 | D:6      | Reached skill level 9 in Unarmed Combat
  6796 | D:6      | You pick up a book of Callings and begin reading...
  6796 | D:6      | You add the spells Summon Small Mammal, Call Canine
                  | Familiar and Summon Guardian Golem to your library.
  7242 | D:6      | Reached skill level 10 in Unarmed Combat
  7242 | D:6      | Reached skill level 3 in Armour
  7416 | D:6      | Reached XP level 9. HP: 25/81 MP: 9/9
  7416 | D:6      | HP: 19/81 [poisoned by a water moccasin]
  7421 | D:6      | HP: 10/81 [poisoned by a water moccasin]
  7426 | D:6      | HP: 7/81 [poisoned by a water moccasin]
  7766 | D:6      | Found Letutoq's Jewellery Emporium.
  7774 | D:6      | Reached skill level 4 in Armour
  7786 | D:6      | Noticed a two-headed ogre
  7800 | D:6      | HP: 8/81 [two-headed ogre/+0 giant spiked club (22)]
  7802 | D:6      | Killed a two-headed ogre
  7803 | D:6      | Reached skill level 5 in Armour
  7803 | D:6      | Reached skill level 6 in Armour
  7806 | D:6      | HP: 2/81 [gnoll/+0 whip (7)]
  8161 | D:6      | Reached ** piety under Cheibriados
  8776 | D:7      | Reached skill level 7 in Armour
  8891 | D:7      | HP: 9/81 [wyvern (13)]
  9237 | D:7      | Reached XP level 10. HP: 88/88 MP: 10/10
  9306 | D:7      | Identified the ring "Yruoluwn" {EV+4 Dex+7}
  9312 | D:7      | Noticed a two-headed ogre
  9328 | D:7      | HP: 12/88 [two-headed ogre/+0 giant club (23)]
  9333 | D:7      | Killed a two-headed ogre
  9333 | D:7      | HP: 11/88 [bullfrog (3)]
  9334 | D:7      | Reached skill level 11 in Unarmed Combat
  9338 | D:7      | HP: 6/88 [black bear (6)]
  9810 | D:7      | You pick up a book of Party Tricks and begin reading...
  9810 | D:7      | You add the spells Apportation and Alistair's Intoxication
                  | to your library.
  9817 | D:7      | You pick up a book of the Senses and begin reading...
  9817 | D:7      | You add the spells Dazzling Flash, Agony and Silence to
                  | your library.
 10148 | D:7      | HP: 22/88 [poisoned by a hornet]
 10150 | D:7      | HP: 8/88 [hornet (13)]
 10156 | D:7      | HP: 4/88 [poisoned by a hornet]
 10875 | D:8      | Noticed a centaur warrior
 10881 | D:8      | Killed a centaur warrior
 10882 | D:8      | Reached skill level 12 in Unarmed Combat
 11139 | D:8      | Noticed Erica
 11149 | D:8      | HP: 11/88 [Erica/+2 scimitar of flaming (13)]
 11150 | D:8      | HP: 1/88 [Erica/+2 scimitar of flaming (8)]
 11150 | D:8      | Slain by Erica

Vanquished Creatures
  2 two-headed ogres
  A centaur warrior (D:8)
  A hornet (D:7)
  Grinder (D:4)
  A basilisk (D:7)
  2 steam dragons
  2 wyverns (D:7)
  3 water moccasins (D:6)
  3 ice beasts
  2 black bears
  An ogre (D:4)
  A phantom (D:7)
  A necrophage (D:5)
  4 bullfrogs
  A gnoll sergeant (D:7)
  7 scorpions
  5 wights (D:8)
  3 killer bees (D:5)
  4 howler monkeys
  2 hounds
  3 orc priests
  3 gnoll shamans
  3 iguanas
  9 gnolls
  6 adders
  A white imp (D:5)
  2 ufetubi (D:6)
  A worm (D:4)
  2 dart slugs
  16 orcs
  3 bats
  10 endoplasms
  3 giant cockroaches
  5 goblins
  12 hobgoblins
  3 jackals (D:4)
  2 quokkas
  6 ball pythons
  3 frilled lizards
  5 kobolds
  8 rats
153 creatures vanquished.

Table legend:
 A = Non-vault XP
 B = Vault XP
 C = Vault XP percentage of total XP
 D = Non-vault monster count
 E = Vault monster count
 F = Vault count percentage of total count
                 A         B        C        D         E       F
            +---------+---------+-------+---------+---------+-------
      Total |    5006 |    3080 |  38.1 |     133 |      20 |  13.1
            +---------+---------+-------+---------+---------+-------
        D:1 |      37 |       5 |  11.9 |      24 |       3 |  11.1
        D:2 |      25 |       0 |   0.0 |      14 |       0 |   0.0
        D:3 |      51 |       0 |   0.0 |      18 |       0 |   0.0
        D:4 |     479 |     277 |  36.6 |      20 |       1 |   4.8
        D:5 |     572 |       0 |   0.0 |      16 |       0 |   0.0
        D:6 |    2036 |       0 |   0.0 |      23 |       0 |   0.0
        D:7 |    1438 |    1965 |  57.7 |      13 |      15 |  53.6
        D:8 |     368 |     833 |  69.4 |       5 |       1 |  16.7
            +---------+---------+-------+---------+---------+-------

Illustrated notes

Table legend:
 A = Kills in this place as a percentage of kills in entire the game.
 B = Kills by you in this place as a percentage of kills by you in the entire game.
 C = Kills by friends in this place as a percentage of kills by friends in the entire game.
 D = Other kills in this place as a percentage of other kills in the entire game.
 E = Experience gained in this place as a percentage of experience gained in the entire game.
 F = Experience gained in this place divided by the number of levels of this place that you have seen.
                   A       B       C       D       E      F
               +-------+-------+-------+-------+-------+----------------------
         Total | 100.0 | 100.0 |   N/A |   N/A | 100.0 | 898.4
       Dungeon | 100.0 | 100.0 |   N/A |   N/A | 100.0 | 1010.8
               +-------+-------+-------+-------+-------+----------------------

Table legend: (Time is in decaauts)
 A = Elapsed time spent in this place.
 B = Non-inter-level travel time spent in this place.
 C = Inter-level travel time spent in this place.
 D = Time resting spent in this place.
 E = Time spent auto-exploring this place.
 F = Levels seen in this place.
 G = Mean time per level.
                   A        B        C        D        E       F      G
               +--------+--------+--------+--------+--------+-----+--------+
         Total |  14343 |  13892 |    451 |   4662 |   6788 |   9 | 1593.7 |
       Dungeon |  14018 |  13653 |    365 |   4662 |   6553 |   8 | 1752.2 |
        Temple |    325 |    239 |     86 |      0 |    234 |   1 |  325.0 |
               +--------+--------+--------+--------+--------+-----+--------+

Top non-repeatable levels by time:
     D:7: 3209 daAuts
     D:5: 2277 daAuts
     D:6: 2191 daAuts
     D:3: 2003 daAuts
     D:1: 1524 daAuts
     D:4: 1415 daAuts
     D:2: 1029 daAuts
     D:8: 366 daAuts
  Temple: 325 daAuts
